 Dungeon Crawl Stone Soup version 0.19.0-11-g3fc08b3 (webtiles) character file.

609 McCoppin the Sneak (level 7, -2/51 HPs)
             Began as an Octopode Fighter on Nov 9, 2016.
             Was a Believer of Kikubaaqudgha.
             Slain by an orc (4 damage)
             ... on level 5 of the Dungeon on Nov 10, 2016.
             The game lasted 00:15:36 (3494 turns).

McCoppin the Sneak (Octopode Fighter)               Turns: 3494, Time: 00:15:37

Health: -2/51      AC: -1    Str: 20    XL:     7   Next: 43%
Magic:  7/7        EV: 12    Int: 11    God:    Kikubaaqudgha [**....]
Gold:   264        SH: 11    Dex: 13    Spells: 0 memorised, 6 levels left

rFire  . . .     SeeInvis +     e - -1 dagger (curse)
rCold  . . .     Gourm    .     b - +0 shield
rNeg   . . .     Faith    .     (helmet restricted)
rPois  .         Spirit   .     u - +2 amulet of reflection (curse)
rElec  .         Reflect  +     t - -2 ring of protection (curse)
rCorr  .         Harm     .     p - ring of see invisible
MR     +....                    n - ring of protection from magic
Stlth  ++++......               (no ring)
                                (no ring)
                                (no ring)
                                (no ring)
                                (no ring)

@: mighty
A: almost no armour, stealthy swim, amphibious, 8 rings, constrict 8, camouflage
1, gelatinous body 1
a: Receive Corpses, Renounce Religion


You were on level 5 of the Dungeon.
You worshipped Kikubaaqudgha.
Kikubaaqudgha was pleased with you.
You were not hungry.

You visited 1 branch of the dungeon, and saw 5 of its levels.

You collected 264 gold pieces.

Inventory:

Hand Weapons
 a - a +0 long sword
 e - a cursed -1 dagger (weapon)
Armour
 b - a +0 shield (worn)
Jewellery
 h - an uncursed ring of ice
 n - a ring of protection from magic (on tentacle)
 p - a ring of see invisible (right tentacle)
 s - an uncursed ring of protection from magic
 t - a cursed -2 ring of protection (left tentacle)
 u - a cursed +2 amulet of reflection (around mantle)
 v - an uncursed amulet of rage
Wands
 q - a wand of polymorph (21/24)
Scrolls
 f - a scroll of random uselessness
 k - a scroll of identify
 r - a scroll of fog
 y - a scroll of teleportation
Books
 l - Kikubaaqudgha's Disquisition on Necromancy
   (Kikubaaqudgha gifted it to you on level 2 of the Dungeon)

   Spells                             Type                      Level
   a - Pain                           Necromancy                   1
   b - Corpse Rot                     Necromancy                   2
   c - Sublimation of Blood           Necromancy                   2
   d - Regeneration                   Charms/Necromancy            3
   e - Control Undead                 Necromancy                   4
Comestibles
 d - 4 bread rations
 i - 2 fruits
 j - 2 meat rations
 m - 2 beef jerkies
 o - a slice of pizza
 x - 3 chunks of flesh


   Skills:
 + Level 5.7 Fighting
 + Level 2.6 Long Blades
 - Level 3.0 Dodging
 + Level 7.3 Stealth
 - Level 3.0 Shields
 - Level 2.0 Necromancy


You had 6 spell levels left.
You didn't know any spells.

Dungeon Overview and Level Annotations

Branches:
Dungeon (5/15)             Temple (0/1) D:5

Altars:
Cheibriados
Kikubaaqudgha
Ru
Uskayaw
Vehumet
Xom
Zin
The Shining One

Shops:
D:4 *

Annotations:
D:4 exclusions: ogre and scorpion


Innate Abilities, Weirdness & Mutations

You cannot wear most types of armour.
You are very stealthy in the water. (Stealth+)
You are amphibious.
You can wear up to eight rings at the same time.
You can use your tentacles to constrict eight enemies at once.
Your skin changes colour to match your surroundings (Stealth+).
Your rubbery body absorbs attacks. (AC +1, EV +1)


Message History

* * * LOW HITPOINT WARNING * * *
You barely miss the orc wizard.
You squeeze the orc wizard, but do no damage.
The orc wizard is lightly wounded.
You constrict the orc wizard. The orc closely misses you.
The orc wizard hits you with a dagger.
* * * LOW HITPOINT WARNING * * *
It was a potion of magic.
Magic courses through your body.
You constrict the orc wizard. The orc closely misses you.
The orc wizard looks braver for a moment.
You feel very mighty all of a sudden.
You constrict the orc wizard. You block the orc's attack.
The orc wizard hits you with a dagger.
* * * LOW HITPOINT WARNING * * *
You puncture the orc wizard!
You kill the orc wizard!
Kikubaaqudgha accepts your kill. The orc hits you.
You die...
Kikubaaqudgha rasps: "You have failed me!
Welcome... death!"

..#####...........#.........#
#.#.#######.#.........#
#.#.).....#.#.####.#### #
#.#.##....#.#.# ##.## #
#.#.#.....#.#.# #...# #
#.#.#.....#.#.###...# #
..#.#...).#.#.......# ###
..#.#....o#.#.......# #..
#.#....)@.#.......# #.#
#.#....)..#.###...#####.#
.##......#.....(.......#
#.........#.###...#######
#.###.#.#.#.# ##### #....
.........#.#.# #.### ##
##.###.###.#.# #.# # .
......# #.#.# #.# # # #.
#.##..# #.#.# #.# #


You could see an orc.

Vanquished Creatures
  4 orc priests
  2 hounds
  4 orc wizards
  A centaur skeleton (D:4)
  An iguana (D:5)
  4 worker ants
  3 gnolls (D:5)
  3 adders
  An ooze (D:2)
  4 worms
  3 dart slugs (D:1)
  4 leopard geckos
  16 orcs
  2 ball pythons (D:1)
  2 bats
  3 giant cockroaches
  5 goblins
  6 hobgoblins
  A jackal (D:5)
  A quokka (D:5)
  A ball python skeleton (D:4)
  6 frilled lizards
  A giant cockroach zombie (D:5)
  5 kobolds
  4 rats
87 creatures vanquished.

Vanquished Creatures (others)
  An orc (D:4)
1 creature vanquished.

Grand Total: 88 creatures vanquished

Notes
Turn   | Place    | Note
-------+----------+-------------------------------------------
     0 | D:1      | McCoppin the Octopode Fighter began the quest for the Orb.
     0 | D:1      | Reached XP level 1. HP: 16/16 MP: 1/1
    80 | D:1      | Reached skill level 1 in Stealth
    93 | D:1      | Reached skill level 2 in Stealth
    93 | D:1      | Reached XP level 2. HP: 11/21 MP: 2/2
   306 | D:1      | Reached skill level 3 in Stealth
   619 | D:1      | Reached XP level 3. HP: 26/26 MP: 3/3
   673 | D:2      | Reached skill level 4 in Stealth
   704 | D:2      | Found a faded altar of an unknown god.
   704 | D:2      | Found a faded altar of an unknown god.
   709 | D:2      | Found a hide-covered altar of Uskayaw.
   712 | D:2      | Became a worshipper of Kikubaaqudgha
   712 | D:2      | Reached * piety under Kikubaaqudgha
   712 | D:2      | Identified Kikubaaqudgha's Disquisition on Necromancy (Kikubaaqudgha gifted it to you on level 2 of the Dungeon)
   712 | D:2      | Received a gift from Kikubaaqudgha
   715 | D:2      | Found a faded altar of an unknown god.
   717 | D:2      | Found a faded altar of an unknown god.
   768 | D:2      | Found a glowing golden altar of the Shining One.
   840 | D:2      | Found a sacrificial altar of Ru.
   890 | D:2      | Reached skill level 1 in Necromancy
   907 | D:2      | Found a shimmering altar of Xom.
  1117 | D:3      | Found a radiant altar of Vehumet.
  1142 | D:3      | Reached XP level 4. HP: 27/31 MP: 4/4
  1212 | D:3      | Found a snail-covered altar of Cheibriados.
  1524 | D:3      | Reached XP level 5. HP: 11/37 MP: 5/5
  1524 | D:3      | Reached ** piety under Kikubaaqudgha
  1639 | D:3      | Reached skill level 5 in Stealth
  1842 | D:3      | Noticed an angel
  1843 | D:3      | Found a glowing silver altar of Zin.
  2045 | D:4      | Found Cefaor's General Store.
  2050 | D:4      | Noticed an ogre
  2322 | D:4      | Reached XP level 6. HP: 43/44 MP: 6/6
  2410 | D:5      | Entered Level 5 of the Dungeon
  2419 | D:5      | Found a staircase to the Ecumenical Temple.
  2443 | D:5      | Noticed a hungry ghost
  2575 | D:4      | Reached skill level 6 in Stealth
  2635 | D:4      | Reached skill level 5 in Fighting
  2984 | D:5      | Reached XP level 7. HP: 50/50 MP: 7/7
  3240 | D:5      | Reached skill level 7 in Stealth
  3493 | D:5      | HP: 2/51 [orc wizard/dagger (2)]
  3494 | D:5      | Slain by an orc

Skill      XL: |  1  2  3  4  5  6  7 |
---------------+----------------------+-----
Stealth        | 2 3 4 5 6 7 |  7.3
Necromancy     | 1 2 |  2.0
Fighting       | 4 5 |  5.7
Long Blades    | |  2.6
Dodging        | |  3.0
Shields        | |  3.0

Action                   |  1- 3 |  4- 6 |  7- 9 || total
-------------------------+-------+-------+-------++-------
Melee: Long sword        |    45 |    38 |       ||    83
       Constrict         |    15 |    28 |     9 ||    52
       Tentacles         |     8 |    28 |    10 ||    46
       Dagger            |       |    74 |    39 ||   113
  Use: Scroll            |       |     8 |       ||     8
       Potion            |       |     2 |     3 ||     5
 Stab: Sleeping          |     8 |     8 |     1 ||    17
  Eat: Chunk             |       |     5 |       ||     5
       Bread ration      |       |       |     1 ||     1
Armor: Skin              |     4 |       |       ||     4
Dodge: Dodged            |    13 |    31 |    13 ||    57
Block: Shield            |    15 |    61 |    25 ||   101
       Reflection        |       |     3 |       ||     3
       Rpst.: Long sword |     5 |     4 |       ||     9
